 Dungeon Crawl Stone Soup version 0.29-a0-1047-g7c58e119a4 (webtiles) character file.

Game seed: 6228211562823402197

79 ytrimaz the Insei (level 4, 0/32 HPs)
             Began as a Demonspawn Transmuter on Aug 17, 2022.
             Slain by a giant cockroach (1 damage)
             ... on level 2 of the Dungeon.
             The game lasted 00:01:53 (1728 turns).

ytrimaz the Insei (Demonspawn Transmuter)           Turns: 1728, Time: 00:01:54

Health: 0/32       AC:  2    Str: 10    XL:     4   Next: 17%
Magic:  7/7        EV: 12    Int: 17    God:
Gold:   88         SH:  0    Dex: 13    Spells: 1/7 levels left

rFire   . . .      SeeInvis .     - Unarmed
rCold   . . .      Faith    .   (no shield)
rNeg    . . .      Spirit   .   a - +0 robe
rPois   .          Reflect  .   (helmet currently unavailable)
rElec   .          Harm     .   (no cloak)
rCorr   .          Rampage  .   (no gloves)
Will    .....                   (boots currently unavailable)
Stlth   +.........              (no amulet)
HPRegen 0.10/turn               (no ring)
MPRegen 0.20/turn               (no ring)

@: appendages (expiring)
A: talons 2, horns 1, magic regeneration
a: End Transformation


You were on level 2 of the Dungeon.
You had temporarily grown beastly talons.
You visited 1 branch of the dungeon, and saw 2 of its levels.

You collected 88 gold pieces.

Inventory:

Armour
 a - a +0 robe (worn)
Scrolls
 c - a scroll of noise
 e - a scroll of poison
Potions
 d - a potion of haste
 f - 2 potions of curing


   Skills:
 - Level 1.0 Fighting
 + Level 2.4 Dodging
 + Level 3.9 Unarmed Combat
 - Level 2.0 Spellcasting
 + Level 2.3 Transmutations


You had one spell level left.
You knew the following spells:

 Your Spells              Type           Power      Damage    Failure   Level
a - Beastly Appendage     Tmut           18%        N/A       8%          1
b - Wereblood             Tmut           9%         N/A       11%         2
c - Spider Form           Tmut/Pois      5%         N/A       34%         3

Your spell library contained the following spells:

 Spells                   Type           Power      Damage    Failure   Level
 Ice Form                 Ice/Tmut       5%         N/A       75%         4


Dungeon Overview and Level Annotations

Branches:
Dungeon (2/15)

Altars:

Shops:
D:1 *


Innate Abilities, Weirdness & Mutations

You have temporarily grown beastly talons.
You have a pair of small horns on your head.
You regenerate magic rapidly.


Message History

A giant cockroach comes into view.
The gnoll hits you with a +0 spear.
You closely miss the gnoll.
You headbutt the gnoll, but do no damage.
The gnoll barely misses you.
You hit the gnoll.
The gnoll is lightly wounded.
The gnoll hits you with a +0 spear.
You closely miss the gnoll.
The gnoll is lightly wounded.
The giant cockroach barely misses you. The giant cockroach bites you.
You hit the gnoll.
The gnoll is moderately wounded.
The gnoll hits you with a +0 spear. The giant cockroach misses you.
You barely miss the gnoll. Your kick misses the gnoll.
The gnoll is moderately wounded.
The gnoll barely misses you. The giant cockroach closely misses you.
You hit the gnoll. Your kick misses the gnoll. You headbutt the gnoll.
The gnoll is almost dead.
The gnoll hits you with a +0 spear. The giant cockroach misses you.
You hit the gnoll. Your headbutt misses the gnoll.
The gnoll is almost dead.
The gnoll hits you with a +0 spear!
* * * LOW HITPOINT WARNING * * *
The giant cockroach bites you.
* * * LOW HITPOINT WARNING * * *
You hit the gnoll but do no damage. You headbutt the gnoll.
You kill the gnoll!
The giant cockroach bites you but does no damage.
Unknown command.
The giant cockroach bites you.
* * * LOW HITPOINT WARNING * * *
You closely miss the giant cockroach. You claw the giant cockroach.
The giant cockroach is moderately wounded.
The giant cockroach misses you.
You closely miss the giant cockroach.
The giant cockroach is moderately wounded.
Your transformation is almost over.
The giant cockroach misses you. The giant cockroach bites you.
You die...

#..#g# #
#.#.#.#..#r# #
...#.#..#g# #
#).#.#..#.# # #..
.####.# #
#..#......# #
#..##)....###
#####....B.......
........#@.!..##
.#####..#.....#
.######.#######
...............
.######..######
#...# ######.#.#
#........#####.#
#..............#


You could see a giant cockroach.

Vanquished Creatures
  An orc wizard (D:2)
  2 gnolls
  3 orcs (D:2)
  4 bats
  3 endoplasms
  3 goblins (D:1)
  A hobgoblin (D:2)
  6 jackals (D:1)
  2 kobolds
  2 quokkas (D:1)
  A ball python (D:1)
  A frilled lizard (D:2)
29 creatures vanquished.

Notes
Turn   | Place    | Note
-------+----------+-------------------------------------------
     0 | D:1      | ytrimaz the Demonspawn Transmuter began the quest for the
                  | Orb.
     0 | D:1      | Reached XP level 1. HP: 15/15 MP: 3/3
    20 | D:1      | Reached skill level 3 in Unarmed Combat
   153 | D:1      | Mutation became permanent: You have a pair of small horns
                  | on your head. [demonic ancestry]
   153 | D:1      | Gained mutation: You have a pair of horns on your head.
                  | [demonic ancestry]
   153 | D:1      | Reached XP level 2. HP: 20/21 MP: 3/5
   312 | D:1      | Found Towent's General Store.
  1286 | D:1      | Gained mutation: You regenerate magic rapidly. [demonic
                  | ancestry]
  1286 | D:1      | Reached XP level 3. HP: 7/26 MP: 6/6
  1603 | D:2      | Reached XP level 4. HP: 32/32 MP: 7/7
  1606 | D:2      | Learned a level 2 spell: Wereblood
  1610 | D:2      | Learned a level 3 spell: Spider Form
  1726 | D:2      | HP: 1/32 [giant cockroach (1)]
  1728 | D:2      | Slain by a giant cockroach

Illustrated notes

Levels and vault maps discovered:
D:1:      reono_arrival_forest_river, layout_loops_cross, serial_shops,
          nicolae_shop_waterfront, hangedman_abyss_or_decor_stabs,
          hangedman_decor_diamond_cutter, minivault_24, corexii_hall_statues_t,
          nrook_mini_backslash, feat_on_display
D:2:      layout_basic, nicolae_shop_vocational, uniq_terence

Skill      XL: |  1  2 |
---------------+-------+-----
Unarmed Combat | 3 |  3.9
Transmutations | 2 |  2.3
Dodging        | 2 |  2.4
Fighting       | |  1.0
Spellcasting   | |  2.0

Action                   |  1- 3 |  4- 6 || total
-------------------------+-------+-------++-------
Melee: Unarmed           |    76 |    11 ||    87
       Kick              |     7 |     1 ||     8
       Headbutt          |     7 |     3 ||    10
       Punch             |     2 |       ||     2
 Cast: Beastly Appendage |    12 |     1 ||    13
  Use: Scroll            |     5 |       ||     5
       Potion            |     1 |       ||     1
Armor: Robe              |    17 |     2 ||    19
       Skin              |     7 |       ||     7
Dodge: Dodged            |    63 |    10 ||    73

Table legend: (Time is in decaauts)
 A = Elapsed time spent in this place.
 B = Non-inter-level travel time spent in this place.
 C = Inter-level travel time spent in this place.
 D = Time resting spent in this place.
 E = Time spent auto-exploring this place.
 F = Levels seen in this place.
 G = Mean time per level.
                   A        B        C        D        E       F      G
               +--------+--------+--------+--------+--------+-----+--------+
         Total |   1725 |   1689 |     36 |      0 |   1376 |   2 |  862.5 |
       Dungeon |   1725 |   1689 |     36 |      0 |   1376 |   2 |  862.5 |
               +--------+--------+--------+--------+--------+-----+--------+

Top non-repeatable levels by time:
     D:1: 1158 daAuts
     D:2: 567 daAuts
